[ AOE2 MATCH · #508005380 ]
UnrankedBohemians vs Cumans
Player's team · LOSS
Rival team · WIN
[ REPLAY ANALYSIS · EXTRACTED FROM THE RECORDED GAME ]
Feudal
8:56
Castle
21:22
Imperial
—
| APM avg | 63.5 |
| APM peak | 121 |
| eAPM avg | 35.9 |
| Villagers / military | 248 / 186 |
Focus
⚔️ 30.8% · 🌾 69.2%
Archer ×152 · Monk ×12 · Scout Cavalry ×11 · Hussite Wagon ×5 · Mangonel ×2 · Spearman ×2
Feudal
9:20
Castle
23:16
Imperial
42:01
| APM avg | 51.6 |
| APM peak | 82 |
| eAPM avg | 30.5 |
| Villagers / military | 192 / 150 |
Focus
⚔️ 47.7% · 🌾 52.3%
Kipchak ×104 · Scout Cavalry ×27 · Spearman ×6 · Militia ×4 · Battering Ram ×4 · Mangonel ×3
Match map
Initial resources + every placement click. Lines = walls · curves = elevation contours. ◆ gold · ⬟ stone · ● berries · ✦ relic · ◌ wall gap
Your base· Open — unwalled flank
UndercoverPilot's base· Open — 5t gap
Smoothed initial terrain · ◌ = detected wall gap · hover for details
Inputs per minute
— Santiago2 - - UndercoverPilot
Build order — Santiago2
First 150 of 647 actions detected
| 0:01 | Queue | Villager (Male) |
| 0:02 | Build | House |
| 0:03 | Build | House |
| 0:08 | Queue | Villager (Male) |
| 0:18 | Queue | Villager (Male) |
| 0:18 | Queue | Villager (Male) |
| 0:18 | Queue | Villager (Male) |
| 1:25 | Queue | Villager (Male) |
| 1:25 | Queue | Villager (Male) |
| 1:57 | Queue | Villager (Male) |
| 1:58 | Queue | Villager (Male) |
| 2:19 | Build | Lumber Camp |
| 2:29 | Queue | Villager (Male) |
| 2:51 | Queue | Villager (Male) |
| 2:51 | Queue | Villager (Male) |
| 3:21 | Queue | Villager (Male) |
| 3:21 | Queue | Villager (Male) |
| 3:36 | Queue | Villager (Male) |
| 3:51 | Build | House |
| 3:55 | Queue | Villager (Male) |
| 3:55 | Queue | Villager (Male) |
| 4:08 | Queue | Villager (Male) |
| 4:22 | Build | Mill |
| 4:35 | Queue | Villager (Male) |
| 5:01 | Queue | Villager (Male) |
| 5:36 | Queue | Villager (Male) |
| 5:46 | Research | Loom |
| 6:46 | Research | Feudal Age |
| 7:29 | Build | Barracks |
| 7:32 | Build | House |
| 7:37 | Queue | Villager (Male) |
| 8:36 | Build | Palisade Wall |
| 8:37 | Build | Palisade Wall |
| 8:56 | Age | Feudal Age |
| 8:59 | Build | Stable |
| 9:00 | Queue | Spearman |
| 9:02 | Research | Double-Bit Axe |
| 9:05 | Queue | Villager (Male) |
| 9:17 | Queue | Spearman |
| 9:30 | Build | House |
| 9:42 | Queue | Scout Cavalry |
| 9:50 | Queue | Villager (Male) |
| 9:52 | Queue | Scout Cavalry |
| 10:20 | Queue | Villager (Male) |
| 10:21 | Queue | Villager (Male) |
| 10:26 | Queue | Scout Cavalry |
| 10:38 | Queue | Villager (Male) |
| 10:40 | Build | House |
| 10:51 | Build | Farm |
| 10:52 | Build | Farm |
| 10:54 | Build | Farm |
| 10:56 | Build | Farm |
| 10:58 | Queue | Villager (Male) |
| 11:04 | Queue | Villager (Male) |
| 11:06 | Build | Palisade Wall |
| 11:11 | Queue | Scout Cavalry |
| 11:24 | Queue | Villager (Male) |
| 11:28 | Build | Palisade Wall |
| 11:31 | Build | Farm |
| 11:32 | Build | Farm |
| 11:36 | Build | Farm |
| 11:56 | Queue | Villager (Male) |
| 11:56 | Queue | Villager (Male) |
| 12:15 | Queue | Villager (Male) |
| 12:33 | Queue | Villager (Male) |
| 12:38 | Build | Mining Camp |
| 12:47 | Queue | Villager (Male) |
| 13:02 | Build | Watch Tower |
| 13:07 | Build | House |
| 13:19 | Queue | Villager (Male) |
| 13:28 | Build | Farm |
| 13:28 | Build | Farm |
| 13:31 | Build | Farm |
| 13:32 | Build | Farm |
| 13:34 | Build | Farm |
| 13:49 | Queue | Villager (Male) |
| 14:05 | Build | Palisade Wall |
| 14:05 | Build | Palisade Wall |
| 14:06 | Build | Palisade Wall |
| 14:07 | Build | Palisade Wall |
| 14:07 | Build | Palisade Wall |
| 14:12 | Build | Farm |
| 14:13 | Queue | Villager (Male) |
| 14:55 | Queue | Villager (Male) |
| 15:01 | Build | House |
| 15:07 | Queue | Scout Cavalry |
| 15:07 | Queue | Scout Cavalry |
| 15:08 | Queue | Villager (Male) |
| 15:16 | Build | Watch Tower |
| 15:21 | Build | Palisade Wall |
| 15:22 | Build | Palisade Wall |
| 15:28 | Build | Mining Camp |
| 15:31 | Queue | Villager (Male) |
| 16:02 | Build | Palisade Wall |
| 16:04 | Build | Palisade Wall |
| 16:12 | Queue | Villager (Male) |
| 16:22 | Build | House |
| 16:27 | Queue | Villager (Male) |
| 16:30 | Build | House |
| 16:54 | Queue | Villager (Male) |
| 17:00 | Build | House |
| 17:12 | Queue | Villager (Male) |
| 17:17 | Build | House |
| 17:20 | Build | House |
| 17:22 | Build | Market |
| 17:39 | Build | House |
| 17:50 | Queue | Villager (Male) |
| 17:51 | Build | Lumber Camp |
| 17:57 | Build | House |
| 18:01 | Build | Palisade Wall |
| 18:03 | Build | Palisade Wall |
| 18:20 | Build | House |
| 18:22 | Build | House |
| 18:35 | Build | Watch Tower |
| 18:42 | Research | Castle Age |
| 18:44 | Build | House |
| 19:13 | Build | Palisade Wall |
| 19:14 | Research | Horse Collar |
| 19:21 | Build | Palisade Wall |
| 19:22 | Build | Palisade Wall |
| 19:22 | Build | Palisade Wall |
| 19:22 | Build | Palisade Wall |
| 19:23 | Build | Palisade Wall |
| 19:23 | Build | Palisade Wall |
| 19:25 | Build | Palisade Wall |
| 19:26 | Build | Palisade Wall |
| 19:38 | Build | House |
| 19:51 | Build | Blacksmith |
| 19:57 | Build | Outpost |
| 19:58 | Build | Outpost |
| 19:59 | Build | Outpost |
| 20:19 | Queue | Villager (Male) |
| 20:32 | Build | House |
| 20:38 | Research | Fletching |
| 20:58 | Build | Lumber Camp |
| 21:22 | Age | Castle Age |
| 21:26 | Build | Castle |
| 21:32 | Queue | Villager (Male) |
| 21:59 | Build | Siege Workshop |
| 22:30 | Build | Mining Camp |
| 22:36 | Queue | Villager (Male) |
| 22:36 | Queue | Villager (Male) |
| 22:36 | Queue | Villager (Male) |
| 22:37 | Queue | Villager (Male) |
| 22:55 | Queue | Hussite Wagon |
| 22:55 | Queue | Hussite Wagon |
| 23:04 | Build | Outpost |
| 23:12 | Queue | Villager (Male) |
| 23:15 | Build | Outpost |
| 23:31 | Queue | Mangonel |
Build order — UndercoverPilot
First 150 of 553 actions detected
| 0:00 | Queue | Villager (Male) |
| 0:02 | Build | House |
| 0:02 | Build | House |
| 0:13 | Queue | Villager (Male) |
| 0:13 | Queue | Villager (Male) |
| 0:30 | Queue | Villager (Male) |
| 1:25 | Queue | Villager (Male) |
| 1:25 | Queue | Villager (Male) |
| 1:58 | Queue | Villager (Male) |
| 2:02 | Build | Lumber Camp |
| 2:25 | Queue | Villager (Male) |
| 2:52 | Queue | Villager (Male) |
| 3:14 | Queue | Villager (Male) |
| 3:46 | Queue | Villager (Male) |
| 4:08 | Queue | Villager (Male) |
| 4:08 | Queue | Villager (Male) |
| 4:24 | Research | Loom |
| 4:24 | Research | Loom |
| 4:27 | Build | House |
| 4:55 | Queue | Villager (Male) |
| 4:56 | Queue | Villager (Male) |
| 5:17 | Queue | Villager (Male) |
| 5:25 | Queue | Villager (Male) |
| 5:37 | Queue | Villager (Male) |
| 5:49 | Build | Barracks |
| 5:51 | Build | House |
| 7:03 | Build | Palisade Wall |
| 7:04 | Build | Palisade Wall |
| 7:10 | Research | Feudal Age |
| 7:20 | Build | Mining Camp |
| 7:32 | Build | Palisade Wall |
| 7:33 | Build | Palisade Wall |
| 7:44 | Queue | Militia |
| 7:44 | Queue | Militia |
| 7:44 | Queue | Militia |
| 8:26 | Queue | Militia |
| 9:07 | Build | Mill |
| 9:16 | Build | Palisade Wall |
| 9:20 | Age | Feudal Age |
| 9:28 | Research | Man-at-Arms (upgrade) |
| 9:29 | Research | Man-at-Arms (upgrade) |
| 9:32 | Queue | Villager (Male) |
| 9:35 | Build | House |
| 9:54 | Queue | Villager (Male) |
| 10:19 | Queue | Villager (Male) |
| 10:23 | Build | House |
| 10:38 | Build | Farm |
| 10:39 | Build | Farm |
| 10:39 | Build | Farm |
| 10:41 | Build | Farm |
| 10:45 | Queue | Villager (Male) |
| 10:45 | Queue | Villager (Male) |
| 10:55 | Build | Palisade Wall |
| 11:04 | Build | Farm |
| 11:06 | Build | Farm |
| 11:19 | Queue | Villager (Male) |
| 11:19 | Queue | Villager (Male) |
| 11:27 | Build | Farm |
| 11:29 | Build | Farm |
| 11:47 | Queue | Villager (Male) |
| 11:47 | Queue | Villager (Male) |
| 11:49 | Build | Palisade Wall |
| 11:50 | Build | Palisade Wall |
| 11:51 | Build | Palisade Wall |
| 11:53 | Build | Palisade Wall |
| 11:55 | Build | Palisade Wall |
| 11:57 | Build | Palisade Wall |
| 11:58 | Queue | Villager (Male) |
| 12:14 | Build | Farm |
| 12:16 | Build | House |
| 12:17 | Build | Palisade Wall |
| 12:18 | Build | Palisade Wall |
| 12:23 | Queue | Villager (Male) |
| 12:27 | Queue | Villager (Male) |
| 12:29 | Build | House |
| 12:32 | Build | Palisade Wall |
| 12:47 | Queue | Spearman |
| 12:54 | Build | Palisade Wall |
| 12:57 | Build | Palisade Wall |
| 13:06 | Build | Farm |
| 13:12 | Queue | Villager (Male) |
| 13:18 | Queue | Spearman |
| 13:19 | Queue | Villager (Male) |
| 13:35 | Queue | Villager (Male) |
| 13:46 | Queue | Villager (Male) |
| 13:55 | Queue | Villager (Male) |
| 14:02 | Queue | Villager (Male) |
| 14:11 | Queue | Villager (Male) |
| 14:31 | Queue | Spearman |
| 14:34 | Queue | Villager (Male) |
| 14:39 | Build | Watch Tower |
| 14:46 | Queue | Villager (Male) |
| 14:57 | Queue | Villager (Male) |
| 14:59 | Build | Mining Camp |
| 15:02 | Queue | Villager (Male) |
| 15:04 | Build | Farm |
| 15:05 | Build | Farm |
| 15:12 | Queue | Villager (Male) |
| 15:14 | Build | Farm |
| 15:19 | Research | Town Watch |
| 15:29 | Build | Outpost |
| 15:38 | Queue | Villager (Male) |
| 15:41 | Build | Outpost |
| 15:42 | Queue | Villager (Male) |
| 15:54 | Queue | Villager (Male) |
| 15:56 | Queue | Villager (Male) |
| 16:07 | Queue | Villager (Male) |
| 16:18 | Queue | Villager (Male) |
| 16:24 | Queue | Villager (Male) |
| 16:26 | Queue | Villager (Male) |
| 16:35 | Queue | Spearman |
| 16:35 | Queue | Spearman |
| 16:43 | Queue | Villager (Male) |
| 16:47 | Queue | Villager (Male) |
| 16:56 | Queue | Villager (Male) |
| 17:12 | Build | Watch Tower |
| 17:14 | Queue | Villager (Male) |
| 17:17 | Queue | Villager (Male) |
| 17:19 | Build | Palisade Wall |
| 17:22 | Build | Palisade Wall |
| 17:23 | Build | Palisade Wall |
| 17:24 | Queue | Villager (Male) |
| 17:40 | Queue | Villager (Male) |
| 17:51 | Build | Farm |
| 18:01 | Queue | Villager (Male) |
| 18:22 | Build | Market |
| 18:24 | Queue | Villager (Male) |
| 18:49 | Queue | Villager (Male) |
| 18:52 | Build | House |
| 18:57 | Queue | Villager (Male) |
| 19:06 | Queue | Villager (Male) |
| 19:39 | Queue | Villager (Male) |
| 20:00 | Build | Blacksmith |
| 20:32 | Research | Fletching |
| 20:32 | Research | Fletching |
| 20:36 | Research | Castle Age |
| 20:59 | Queue | Villager (Male) |
| 21:17 | Build | House |
| 21:18 | Build | House |
| 21:52 | Build | Siege Workshop |
| 22:09 | Queue | Spearman |
| 22:27 | Queue | Villager (Male) |
| 22:46 | Build | House |
| 22:59 | Build | House |
| 23:16 | Age | Castle Age |
| 23:21 | Build | Castle |
| 23:35 | Queue | Mangonel |
| 23:36 | Queue | Villager (Male) |
| 24:23 | Queue | Villager (Male) |
| 24:23 | Queue | Villager (Male) |
Match timeline
| 5:49 | UndercoverPilot · first_building Barracks |
| 7:03 | UndercoverPilot · wall_segment Palisade Wall x1 |
| 7:04 | UndercoverPilot · wall_segment Palisade Wall x1 |
| 7:29 | Santiago2 · first_building Barracks |
| 7:32 | UndercoverPilot · wall_segment Palisade Wall x3 |
| 7:33 | UndercoverPilot · wall_segment Palisade Wall x5 |
| 8:36 | Santiago2 · wall_segment Palisade Wall x1 |
| 8:37 | Santiago2 · wall_segment Palisade Wall x1 |
| 8:56 | Santiago2 · age_up feudal |
| 8:59 | Santiago2 · first_building Stable |
| 9:16 | UndercoverPilot · wall_segment Palisade Wall x3 |
| 9:20 | UndercoverPilot · age_up feudal |
| 10:55 | UndercoverPilot · wall_segment Palisade Wall x9 |
| 11:06 | Santiago2 · wall_segment Palisade Wall x1 |
| 11:28 | Santiago2 · wall_segment Palisade Wall x4 |
| 11:49 | UndercoverPilot · wall_segment Palisade Wall x1 |
| 11:50 | UndercoverPilot · wall_segment Palisade Wall x1 |
| 11:51 | UndercoverPilot · wall_segment Palisade Wall x1 |
| 11:53 | UndercoverPilot · wall_segment Palisade Wall x1 |
| 11:55 | UndercoverPilot · wall_segment Palisade Wall x1 |
| 11:57 | UndercoverPilot · wall_segment Palisade Wall x1 |
| 12:17 | UndercoverPilot · wall_segment Palisade Wall x1 |
| 12:18 | UndercoverPilot · wall_segment Palisade Wall x1 |
| 12:32 | UndercoverPilot · wall_segment Palisade Wall x2 |
| 12:54 | UndercoverPilot · wall_segment Palisade Wall x1 |
| 12:57 | UndercoverPilot · wall_segment Palisade Wall x1 |
| 14:05 | Santiago2 · wall_segment Palisade Wall x2 |
| 14:05 | Santiago2 · wall_segment Palisade Wall x2 |
| 14:06 | Santiago2 · wall_segment Palisade Wall x3 |
| 14:07 | Santiago2 · wall_segment Palisade Wall x2 |
| 14:07 | Santiago2 · wall_segment Palisade Wall x1 |
| 15:21 | Santiago2 · wall_segment Palisade Wall x1 |
| 15:22 | Santiago2 · wall_segment Palisade Wall x1 |
| 16:02 | Santiago2 · wall_segment Palisade Wall x1 |
| 16:04 | Santiago2 · wall_segment Palisade Wall x1 |
| 17:19 | UndercoverPilot · wall_segment Palisade Wall x1 |
| 17:22 | UndercoverPilot · wall_segment Palisade Wall x1 |
| 17:23 | UndercoverPilot · wall_segment Palisade Wall x1 |
| 18:01 | Santiago2 · wall_segment Palisade Wall x1 |
| 18:03 | Santiago2 · wall_segment Palisade Wall x1 |
| 18:39 | Santiago2 · first_market_sell 100 wood |
| 18:40 | Santiago2 · first_market_buy 100 food |
| 19:13 | Santiago2 · wall_segment Palisade Wall x2 |
| 19:21 | Santiago2 · wall_segment Palisade Wall x1 |
| 19:22 | Santiago2 · wall_segment Palisade Wall x1 |
| 19:22 | Santiago2 · wall_segment Palisade Wall x2 |
| 19:22 | Santiago2 · wall_segment Palisade Wall x2 |
| 19:23 | Santiago2 · wall_segment Palisade Wall x2 |
| 19:23 | Santiago2 · wall_segment Palisade Wall x2 |
| 19:25 | Santiago2 · wall_segment Palisade Wall x1 |
| 19:26 | Santiago2 · wall_segment Palisade Wall x1 |
| 19:43 | UndercoverPilot · first_market_buy 100 wood |
| 21:22 | Santiago2 · age_up castle |
| 21:26 | Santiago2 · first_building Castle |
| 21:52 | UndercoverPilot · first_building Siege Workshop |
| 21:59 | Santiago2 · first_building Siege Workshop |
| 23:16 | UndercoverPilot · age_up castle |
| 23:21 | UndercoverPilot · first_building Castle |
| 25:07 | Santiago2 · wall_segment Stone Wall x4 |
| 25:09 | Santiago2 · wall_segment Stone Wall x6 |
| 27:25 | Santiago2 · first_building Monastery |
| 28:11 | Santiago2 · wall_segment Palisade Wall x1 |
| 29:36 | Santiago2 · wall_segment Stone Wall x8 |
| 31:33 | UndercoverPilot · first_building Stable |
| 31:43 | UndercoverPilot · first_building Monastery |
| 32:56 | Santiago2 · first_building Archery Range |
| 38:44 | UndercoverPilot · first_market_sell 100 wood |
| 42:01 | UndercoverPilot · age_up imperial |
| 45:11 | Santiago2 · wall_segment Stone Wall x9 |
| 45:13 | Santiago2 · wall_segment Stone Wall x7 |
| 48:30 | Santiago2 · resign |
[ AI ANALYSIS · 1 CREDIT ]
What really happened in this match?
Wolo.gg analyzes every decision: build order, eco, micro, common mistakes by bracket. Personalized analysis on WhatsApp or Discord in 30 seconds.
Civ guide
Bohemians
Perfil
Jugador #11670504